SAAA
VERMONT LAKE MONSTERS @ SCRANTON SUPERNOVAS
08/20/2032
 
TOP OF THE 1ST
Vermont Lake Monsters batting - Pitching for Scranton Supernovas : RHP Lincoln Spooner
Pitching: RHP Lincoln Spooner
Batting: SHB Robert La Caze 0-0: Ball
1-0: Ball
2-0: Ball
3-0: Base on Balls
Batting: RHB Ramón Degollado 0-0: Foul Ball, location: 2F
0-1: Swinging Strike
0-2: Ball
1-2: Strikes out swinging
Batting: LHB Manuel Núñez 0-0: Called Strike
0-1: Called Strike
Robert La Caze steals 2nd base
0-2: Foul Ball, location: 2F
0-2: SINGLE (Line Drive, 8RS)
Robert La Caze to third
Runner from 3rd tries for Home, throw and OUT!
Batting: LHB Gilberto Jiménez 0-0: Ball
1-0: Reached on error, E8 (Flyball, 8LD)
Manuel Núñez to third
Batting: LHB Carlos Germán 0-0: TRIPLE (Line Drive, 9D)
Manuel Núñez scores
Gilberto Jiménez scores
Batting: RHB José Vázquez 0-0: Called Strike
0-1: Foul Ball, location: 2F
0-2: Foul Ball, location: 2F
0-2: Fly out, F9 (Flyball, 9S)
Top of the 1st over - 2 runs, 2 hits, 1 error, 1 left on base; Vermont 2 - Scranton 0
BOTTOM OF THE 1ST
Scranton Supernovas batting - Pitching for Vermont Lake Monsters : RHP Jesús Vidro
Pitching: RHP Jesús Vidro
Batting: RHB Senior Pond 0-0: Ball
1-0: Called Strike
1-1: Fly out, F5 (Line Drive, 56)
Batting: RHB Toyozo Yamasaki 0-0: Foul Ball, location: 2F
0-1: Swinging Strike
0-2: Strikes out swinging passed ball, reaches first!
Batting: LHB Chase Popoff 0-0: Fly out, F9 (Flyball, 9)
Batting: RHB Felipe Bruno 0-0: Called Strike
Toyozo Yamasaki steals 2nd base
0-1: Foul Ball, location: 2F
0-2: Foul Ball, location: 2F
0-2: SINGLE (Groundball, 6D)
Toyozo Yamasaki to third
Runner from 3rd tries for Home, SAFE, no throw
Batting: LHB Todd Blankenburg 0-0: Ball
1-0: Swinging Strike
1-1: Swinging Strike
1-2: Strikes out swinging
Bottom of the 1st over - 1 run, 1 hit, 0 errors, 1 left on base; Vermont 2 - Scranton 1
TOP OF THE 2ND
Vermont Lake Monsters batting - Pitching for Scranton Supernovas : RHP Lincoln Spooner
Batting: RHB Showander Descarte 0-0: Ball
1-0: Ground out 5-3 (Groundball, 56)
Batting: RHB Bertrand Pick 0-0: Swinging Strike
0-1: Foul Ball, location: 2F
0-2: Ball
1-2: Strikes out swinging
Batting: RHB Cosmo Castanhedo 0-0: Ground out 6-3 (Groundball, 6)
Top of the 2nd over - 0 runs, 0 hits, 0 errors, 0 left on base; Vermont 2 - Scranton 1
BOTTOM OF THE 2ND
Scranton Supernovas batting - Pitching for Vermont Lake Monsters : RHP Jesús Vidro
Batting: LHB José Pacheco 0-0: Called Strike
0-1: Ball
1-1: Called Strike
1-2: Fly out, F9 (Flyball, 9LS)
Batting: SHB Alonso Solís 0-0: Called Strike
0-1: Ball
1-1: Foul Ball, location: 2F
1-2: Ball
2-2: Foul Ball, location: 2F
2-2: Fly out, F9 (Flyball, 89D)
Batting: RHB Martín Álvarez 0-0: Ball
1-0: Ground out 6-3 (Groundball, 6MS)
Bottom of the 2nd over - 0 runs, 0 hits, 0 errors, 0 left on base; Vermont 2 - Scranton 1
TOP OF THE 3RD
Vermont Lake Monsters batting - Pitching for Scranton Supernovas : RHP Lincoln Spooner
Batting: SHB Robert La Caze 0-0: Foul Ball, location: 2F
0-1: Ground out 6-3 (Groundball, 6)
Batting: RHB Ramón Degollado 0-0: Called Strike
0-1: Ball
1-1: DOUBLE (Line Drive, 9LM)
Batting: LHB Manuel Núñez 0-0: Ball
1-0: Called Strike
1-1: 2-RUN HOME RUN (Flyball, 9LD), Distance : 352 ft
Batting: LHB Gilberto Jiménez 0-0: Foul Ball, location: 2F
0-1: SINGLE (Groundball, 6D)
Batting: LHB Carlos Germán 0-0: Ball
1-0: Fly out, F7 (Flyball, 7S)
Batting: RHB José Vázquez 0-0: Ball
1-0: DOUBLE (Line Drive, 9LD)
Gilberto Jiménez to third
Runner from 3rd tries for Home, SAFE, no throw
Batting: RHB Showander Descarte 0-0: Called Strike
0-1: Ball
1-1: Called Strike
1-2: SINGLE (Groundball, 56D)
José Vázquez to third
Runner from 3rd tries for Home, SAFE, throw made home
Batting: RHB Bertrand Pick 0-0: Ball
1-0: Ball
2-0: Fly out, F9 (Flyball, 89S)
Top of the 3rd over - 4 runs, 5 hits, 0 errors, 1 left on base; Vermont 6 - Scranton 1
BOTTOM OF THE 3RD
Scranton Supernovas batting - Pitching for Vermont Lake Monsters : RHP Jesús Vidro
Batting: LHB Chris Fries 0-0: Swinging Strike
0-1: Ball
1-1: Ball
2-1: Ball
3-1: Base on Balls
Batting: RHB Senior Pond 0-0: Foul Ball, location: 2F
0-1: Ball
1-1: Grounds into double play, 6-4-3 (Groundball, 6)
Batting: RHB Toyozo Yamasaki 0-0: Ball
1-0: SINGLE (Flyball, 78S)
Batting: LHB Chase Popoff 0-0: Ball
1-0: Foul Ball, location: 2F
1-1: Called Strike
1-2: Ball
2-2: Strikes out looking
Bottom of the 3rd over - 0 runs, 1 hit, 0 errors, 1 left on base; Vermont 6 - Scranton 1
TOP OF THE 4TH
Vermont Lake Monsters batting - Pitching for Scranton Supernovas : RHP Lincoln Spooner
Batting: RHB Cosmo Castanhedo 0-0: Fly out, F6 (Popup, P)
Batting: SHB Robert La Caze 0-0: Called Strike
0-1: Ball
1-1: SINGLE (Groundball, 34D)
Batting: RHB Ramón Degollado 0-0: Foul Ball, location: 2F
0-1: Ball
1-1: Ball
2-1: Foul Ball, location: 2F
2-2: Grounds into double play, 6-4-3 (Groundball, 6)
Top of the 4th over - 0 runs, 1 hit, 0 errors, 0 left on base; Vermont 6 - Scranton 1
BOTTOM OF THE 4TH
Scranton Supernovas batting - Pitching for Vermont Lake Monsters : RHP Jesús Vidro
Batting: RHB Felipe Bruno 0-0: Ball
1-0: Swinging Strike
1-1: Foul Ball, location: 2F
1-2: Ball
2-2: Ball
3-2: Strikes out swinging
Batting: LHB Todd Blankenburg 0-0: Called Strike
0-1: Fly out, F7 (Flyball, 7)
Batting: LHB José Pacheco 0-0: Fly out, F7 (Flyball, 7S)
Bottom of the 4th over - 0 runs, 0 hits, 0 errors, 0 left on base; Vermont 6 - Scranton 1
TOP OF THE 5TH
Vermont Lake Monsters batting - Pitching for Scranton Supernovas : RHP Lincoln Spooner
Batting: LHB Manuel Núñez 0-0: Ball
1-0: DOUBLE (Flyball, 89D)
Batting: LHB Gilberto Jiménez 0-0: Ball
1-0: Ball
2-0: Foul Ball, location: 2F
2-1: Foul Ball, location: 2F
2-2: Ball
3-2: Foul Ball, location: 2F
3-2: SINGLE (Groundball, 34D)
Manuel Núñez to third
Runner from 3rd tries for Home, SAFE, throw made home
Batting: LHB Carlos Germán 0-0: Ball
1-0: Ball
2-0: Ball
3-0: Called Strike
3-1: Foul Ball, location: 2F
3-2: Foul Ball, location: 2F
3-2: Base on Balls
Gilberto Jiménez to second
Batting: RHB José Vázquez 0-0: Called Strike
0-1: Foul Ball, location: 2F
0-2: Strikes out swinging
Batting: RHB Showander Descarte 0-0: Called Strike
0-1: SINGLE (Groundball, 56D)
Gilberto Jiménez to third
Carlos Germán to second
Runner from 3rd tries for Home, SAFE, no throw
Batting: RHB Bertrand Pick 0-0: Foul Ball, location: 2F
0-1: Ball
1-1: 3-RUN HOME RUN (Flyball, 7LD), Distance : 368 ft
Batting: RHB Cosmo Castanhedo 0-0: Called Strike
0-1: Ball
1-1: Ground out 3-1 (Groundball, 34S)
Batting: SHB Robert La Caze 0-0: Foul Ball, location: 2F
0-1: Ground out 6-3 (Groundball, 56D)
Top of the 5th over - 5 runs, 4 hits, 0 errors, 0 left on base; Vermont 11 - Scranton 1
BOTTOM OF THE 5TH
Scranton Supernovas batting - Pitching for Vermont Lake Monsters : RHP Jesús Vidro
Batting: SHB Alonso Solís 0-0: Foul Ball, location: 2F
0-1: Ball
1-1: Swinging Strike
1-2: Foul Ball, location: 2F
1-2: Ball
2-2: Ground out 5-3 (Groundball, 56)
Batting: RHB Martín Álvarez 0-0: Ball
1-0: Foul Ball, location: 2F
1-1: Foul Ball, location: 2F
1-2: Ball
2-2: Foul Ball, location: 2F
2-2: Strikes out swinging
Batting: LHB Chris Fries 0-0: Ball
1-0: Ball
2-0: Foul Ball, location: 2F
2-1: Foul Ball, location: 2F
2-2: Foul Ball, location: 2F
2-2: Ball
3-2: Ground out 4-3 (Groundball, 4M)
Bottom of the 5th over - 0 runs, 0 hits, 0 errors, 0 left on base; Vermont 11 - Scranton 1
TOP OF THE 6TH
Vermont Lake Monsters batting - Pitching for Scranton Supernovas : RHP Lincoln Spooner
Batting: RHB Ramón Degollado 0-0: Fly out, F8 (Line Drive, 8LS)
Batting: LHB Manuel Núñez 0-0: Ball
1-0: Ball
2-0: Called Strike
2-1: Called Strike
2-2: Ball
3-2: Foul Ball, location: 2F
3-2: Strikes out looking
Batting: LHB Gilberto Jiménez 0-0: Called Strike
0-1: Foul Ball, location: 2F
0-2: Ball
1-2: Ground out 4-3 (Groundball, 34D)
Top of the 6th over - 0 runs, 0 hits, 0 errors, 0 left on base; Vermont 11 - Scranton 1
BOTTOM OF THE 6TH
Scranton Supernovas batting - Pitching for Vermont Lake Monsters : RHP Jesús Vidro
Batting: RHB Senior Pond 0-0: Called Strike
0-1: Foul Ball, location: 2F
0-2: Ball
1-2: Ball
2-2: Ball
3-2: Fly out, F7 (Flyball, 7S)
Batting: RHB Toyozo Yamasaki 0-0: Ball
1-0: Called Strike
1-1: Ball
2-1: Swinging Strike
2-2: Ground out 4-3 (Groundball, 4S)
Batting: LHB Chase Popoff 0-0: Called Strike
0-1: Foul Ball, location: 2F
0-2: Foul Ball, location: 2F
0-2: Ball
1-2: Strikes out looking
Bottom of the 6th over - 0 runs, 0 hits, 0 errors, 0 left on base; Vermont 11 - Scranton 1
TOP OF THE 7TH
Vermont Lake Monsters batting - Pitching for Scranton Supernovas : RHP Lincoln Spooner
Batting: LHB Carlos Germán 0-0: Ball
1-0: Ball
2-0: Ball
3-0: Base on Balls
Batting: RHB José Vázquez 0-0: Ground out U3 (Groundball, 3S)
Carlos Germán to second
Pinch Hitting: RHB Edgardo Castro 0-0: Foul Ball, location: 2F
0-1: Ball
1-1: Ball
2-1: Swinging Strike
2-2: Strikes out swinging
Batting: RHB Bertrand Pick 0-0: Called Strike
0-1: Ball
1-1: Foul Ball, location: 2F
1-2: Strikes out swinging
Top of the 7th over - 0 runs, 0 hits, 0 errors, 1 left on base; Vermont 11 - Scranton 1
BOTTOM OF THE 7TH
Scranton Supernovas batting - Pitching for Vermont Lake Monsters : RHP Jesús Vidro
Now at 2B: Edgardo Castro
Batting: RHB Felipe Bruno 0-0: Ball
1-0: Called Strike
1-1: Ball
2-1: Foul Ball, location: 2F
2-2: Ball
3-2: Base on Balls
Batting: LHB Todd Blankenburg 0-0: SINGLE (Line Drive, 34D)
Felipe Bruno to second
Batting: LHB José Pacheco 0-0: Grounds into double play, 6-4-3 (Groundball, 56)
Felipe Bruno to third
Batting: SHB Alonso Solís 0-0: Called Strike
0-1: Foul Ball, location: 2F
0-2: Strikes out swinging
Bottom of the 7th over - 0 runs, 1 hit, 0 errors, 1 left on base; Vermont 11 - Scranton 1
TOP OF THE 8TH
Vermont Lake Monsters batting - Pitching for Scranton Supernovas : RHP Lincoln Spooner
Batting: RHB Cosmo Castanhedo 0-0: Foul Ball, location: 2F
0-1: Ball
1-1: Foul Ball, location: 2F
1-2: Ball
2-2: Ball
3-2: Ground out 4-3 (Groundball, 4)
Pitching: LHP Nees Bogermans
Batting: SHB Robert La Caze 0-0: Called Strike
0-1: Swinging Strike
0-2: Ball
1-2: Foul Ball, location: 2F
1-2: Fly out, F3 (Popup, 3S)
Batting: RHB Ramón Degollado 0-0: Ball
1-0: Ball
2-0: Ball
3-0: Called Strike
3-1: Called Strike
3-2: Ground out 6-3 (Groundball, 6)
Top of the 8th over - 0 runs, 0 hits, 0 errors, 0 left on base; Vermont 11 - Scranton 1
BOTTOM OF THE 8TH
Scranton Supernovas batting - Pitching for Vermont Lake Monsters : RHP Jesús Vidro
Batting: RHB Martín Álvarez 0-0: Ground out 6-3 (Groundball, 6)
Batting: LHB Chris Fries 0-0: Swinging Strike
0-1: Ball
1-1: Reached on error, E6 (Groundball, 6M)
Pitching: RHP Pedro Álvarez
Batting: RHB Senior Pond 0-0: Ball
1-0: Swinging Strike
1-1: Swinging Strike
1-2: Ball
2-2: Ball
3-2: Fly out, F7 (Flyball, 78M)
Batting: RHB Toyozo Yamasaki 0-0: Swinging Strike
0-1: Ground out 3-1 (Groundball, 34)
Bottom of the 8th over - 0 runs, 0 hits, 1 error, 1 left on base; Vermont 11 - Scranton 1
TOP OF THE 9TH
Vermont Lake Monsters batting - Pitching for Scranton Supernovas : LHP Nees Bogermans
Batting: LHB Manuel Núñez 0-0: Ball
1-0: Foul Ball, location: 2F
1-1: Called Strike
1-2: Ball
2-2: Strikes out swinging
Batting: LHB Gilberto Jiménez 0-0: Ball
1-0: Ball
2-0: Foul Ball, location: 2F
2-1: Ball
3-1: Foul Ball, location: 2F
3-2: DOUBLE (Flyball, 89XD)
Batting: LHB Carlos Germán 0-0: Foul Ball, location: 2F
0-1: Ball
1-1: Swinging Strike
1-2: Ball
2-2: Strikes out swinging
Batting: RHB José Vázquez 0-0: Ball
1-0: Ball
2-0: Foul Ball, location: 2F
2-1: Fly out, F8 (Flyball, 8RS)
Top of the 9th over - 0 runs, 1 hit, 0 errors, 1 left on base; Vermont 11 - Scranton 1
BOTTOM OF THE 9TH
Scranton Supernovas batting - Pitching for Vermont Lake Monsters : RHP Pedro Álvarez
Now at 1B: Brad Tillman
Batting: LHB Chase Popoff 0-0: Ball
1-0: Called Strike
1-1: Foul Ball, location: 2F
1-2: Strikes out swinging
Batting: RHB Felipe Bruno 0-0: Ground out 1-3 (Groundball, P)
Batting: LHB Todd Blankenburg 0-0: Foul Ball, location: 2F
0-1: Swinging Strike
0-2: Strikes out looking
Bottom of the 9th over - 0 runs, 0 hits, 0 errors, 0 left on base; Vermont 11 - Scranton 1
Wednesday, September 19th, 2018 - OOTP Baseball 18.8 Build 76